 Dungeon Crawl Stone Soup version 0.32-a0-931-g5a2cda0630 (webtiles) character file.

Game seed: 7837941723106544672

58 Biggs the Sneak (level 4, -1/23 HPs)
             Began as a Vine Stalker Brigand on Apr 13, 2024.
             Killed by divine providence
             ... invoked by an orc priest
              (10 damage)
             ... on level 3 of the Dungeon.
             The game lasted 00:03:26 (725 turns).

Biggs the Sneak (Vine Stalker Brigand)               Turns: 725, Time: 00:03:27

Health: -1/23      AC:  3    Str: 13    XL:     4   Next: 1%
Magic:  0/5        EV: 10    Int: 11    God:
Gold:   71         SH:  0    Dex: 18    Spells: 3/3 levels left

rFire   . . .        a - +2 dagger
rCold   . . .        (no shield)
rNeg    . . .        b - +0 robe
rPois   .            (no helmet)
rElec   .            c - +0 cloak
rCorr   .            (no gloves)
SInv    .            (no boots)
Will    .....        (no amulet)
Stlth   +++          (no ring)
HPRegen 1.03/turn    (no ring)
MPRegen 0.09/turn

%: guardian spirit
@: no status effects
A: fangs 2, regeneration 1, magic shield, antimagic bite, no potion heal 2
a: Convert to Beogh


You were on level 3 of the Dungeon.
You visited 1 branch of the dungeon, and saw 3 of its levels.

You collected 71 gold pieces.

Inventory:

Hand Weapons
 a - a +2 dagger (weapon)
Missiles
 d - 9 poisoned darts (quivered)
 e - 3 curare-tipped darts
Armour
 b - a +0 robe (worn)
 c - a +0 cloak (worn)
Scrolls
 i - a scroll of identify {unknown}
 j - a scroll of fear {unknown}
 k - a scroll of vulnerability {unknown}
Potions
 f - a potion of degeneration {unknown}
 g - a potion of haste {unknown}
 h - a potion of curing {unknown}


   Skills:
 - Level 1.7 Fighting
 + Level 3.8 Short Blades
 - Level 1.7 Throwing
 - Level 0.7 Dodging
 - Level 4.8 Stealth


You had 3 spell levels left.
You didn't know any spells.
Your spell library contained the following spells:

 Spells                   Type           Power      Damage    Failure   Level
 Call Imp                 Summ           0%         N/A       47%         2
 Sublimation of Blood     Necr           0%         N/A       47%         2
 Summon Hydra             Summ           0%         N/A       100%        7


Dungeon Overview and Level Annotations

Branches:
Dungeon (3/15)

Altars:


Innate Abilities, Weirdness & Mutations

You have extremely sharp teeth.
Your natural rate of healing is unusually fast.
When hurt, damage is shared between your health and your magic reserves.
Your bite disrupts and absorbs the magic of your enemies.
Potions cannot restore your health.


Message History

(press Y on the ability menu to convert to Beogh)
You barely miss the orc priest.
The orc shouts!
Unknown command.
You closely miss the orc priest. Your bite misses the orc priest.
The orc priest hits you with a +0 falchion.
You hit the orc priest. Your bite misses the orc priest.
The orc priest is lightly wounded.
The orc priest barely misses you.
Unknown command.
You completely miss the orc priest. You bite the orc priest.
You drain its power.
You feel invigorated.
The orc priest is lightly wounded.
The orc priest shouts, "The Pantheon deserves no one's loyalty.
Let us show you the true path!"
The orc priest hits you with a +0 falchion.
You hit the orc priest. Your bite misses the orc priest.
The orc priest is moderately wounded.
You hit the orc priest.
You bite the orc priest, but do no damage.
The orc priest is heavily wounded.
The giant cockroach closely misses you.
The orc priest looks braver for a moment.
You hit the orc priest. You bite the orc priest. You drain its power.
You feel invigorated.
The orc priest is almost dead.
The giant cockroach closely misses you. The orc hits you but does no damage.
The orc priest closely misses you. The orc barely misses you.
The orc priest shouts, "The Pantheon deserves no one's loyalty.
Let us show you the true path!"
You completely miss the orc priest.
You bite the orc priest, but do no damage.
The orc priest is almost dead.
The giant cockroach barely misses you. The orc barely misses you. x2
The orc priest casts a cantrip, but nothing happens.
Unknown command.
You closely miss the orc priest.
The orc priest is almost dead.
The giant cockroach bites you. The orc hits you with a +0 club.
The orc priest mumbles some strange prayers to Beogh against you.
Beogh smites you!
You die...

## ## #.# #.# #.## #
###.# #.#.+### #≈
###..#.#.#.#.#.#
#≈≈#...#.#.#.#.#.#
.≈≈....+#.#.#.#.##
.≈≈~..B#.#.#.#.#.#
..~...o@#.#.#.#.##
~~≈~~~o#.#.#.#.#.#
.~~...o.#.#.#.#.####+###
~~~.~..#########.....##.
.~~..~. #....###.
.~≈.... #....###.
~~≈~... #........
~≈....# #..#......
#...##......


You could see an orc priest, 2 orcs and a giant cockroach.

Vanquished Creatures
  2 adders (D:3)
  A dart slug (D:1)
  A ribbon worm (D:2)
  3 endoplasms
  A giant cockroach (D:3)
  4 goblins
  2 hobgoblins
  2 jackals (D:2)
  A quokka (D:1)
  A ball python (D:1)
  2 bats (D:1)
  A frilled lizard (D:1)
  10 kobolds
  10 rats
41 creatures vanquished.

Notes
Turn   | Place    | Note
-------+----------+-------------------------------------------
     0 | D:1      | Biggs the Vine Stalker Brigand began the quest for the Orb.
     0 | D:1      | Reached XP level 1. HP: 11/11 MP: 2/2
    14 | D:1      | Found a faded altar of an unknown god.
    43 | D:1      | Reached XP level 2. HP: 10/15 MP: 1/3
   278 | D:2      | Reached XP level 3. HP: 18/18 MP: 4/4
   711 | D:3      | Reached XP level 4. HP: 23/23 MP: 5/5
   725 | D:3      | Killed from afar by an orc priest

Illustrated notes

Levels and vault maps discovered:
D:1:      dpeg_arrival_ternary, layout_basic, basic_ecumenical_altar,
          minmay_distorted
D:2:      layout_loops_ring
D:3:      layout_basic, serial_rivers, chequers_serial_rivers_room_b,
          chequers_serial_rivers_small_b, chequers_serial_rivers_small_3,
          chequers_serial_rivers_room_a, kennysheep_minor_cross,
          hangedman_decor_growths, serial_bayou_lake_a

Skill      XL: |  1  2 |
---------------+-------+-----
Short Blades   | 2 3 |  3.8
Fighting       | |  1.7
Throwing       | |  1.7
Dodging        | |  0.7
Stealth        | |  4.8

Action                     |  1- 3 |  4- 6 || total
---------------------------+-------+-------++-------
  Melee: Dagger            |   121 |    10 ||   131
         Bite              |    21 |     4 ||    25
   Stab: Sleeping          |     5 |       ||     5
 Armour: Robe              |    70 |     5 ||    75
  Dodge: Dodged            |    59 |     9 ||    68

Table legend: (Time is in decaauts)
 A = Elapsed time spent in this place.
 B = Non-inter-level travel time spent in this place.
 C = Inter-level travel time spent in this place.
 D = Time resting spent in this place.
 E = Time spent auto-exploring this place.
 F = Levels seen in this place.
 G = Mean time per level.
                   A        B        C        D        E       F      G
               +--------+--------+--------+--------+--------+-----+--------+
         Total |    714 |    714 |      0 |      0 |      0 |   3 |  238.0 |
       Dungeon |    714 |    714 |      0 |      0 |      0 |   3 |  238.0 |
               +--------+--------+--------+--------+--------+-----+--------+

Top non-repeatable levels by time:
     D:2: 268 daAuts
     D:1: 261 daAuts
     D:3: 184 daAuts
